 Dungeon Crawl Stone Soup version 0.22-a0-305-gd21a89c (webtiles) character file.

2818 PipBoy9000 the Grappler (level 9, 0/83 HPs)
             Began as a Troll Berserker on Mar 29, 2018.
             Was an Elder of Trog.
             Slain by a sky beast (4 damage)
             ... on level 7 of the Dungeon on Mar 30, 2018.
             The game lasted 00:35:32 (4977 turns).

PipBoy9000 the Grappler (Troll Berserker)           Turns: 4977, Time: 00:35:32

Health: 0/83       AC:  5    Str: 29    XL:     9   Next: 44%
Magic:  0/8        EV: 11    Int:  3    God:    Trog [****..]
Gold:   320        SH:  0    Dex: 10    Spells: 8/8 levels left

rFire    . . .     SeeInvis .     - Unarmed
rCold    . . .     Gourm    +   (no shield)
rNeg     . . .     Faith    .   a - +0 animal skin
rPois    .         Spirit   +   (helmet restricted)
rElec    .         Reflect  .   d - scarf {Spirit}
rCorr    .         Harm     .   (gloves unavailable)
MR       .....                  (boots unavailable)
Stlth    +.........             (no amulet)
HPRegen  0.63/turn              (no ring)
MPRegen  0.11/turn              (no ring)

@: no status effects
A: large, unfitting armour, claws 3, fast metabolism 3, gourmand, regeneration
1, shaggy fur 1, tough skin 2
a: Berserk, Trog's Hand, Brothers in Arms, Renounce Religion


You were on level 7 of the Dungeon.
You worshipped Trog.
Trog was greatly pleased with you.
You were completely stuffed.

You visited 1 branch of the dungeon, and saw 7 of its levels.

You collected 320 gold pieces.

Inventory:

Armour
 a - a +0 animal skin (worn)
 c - a +0 scale mail
 d - a scarf of spirit shield (worn)
 r - a +0 leather armour
Jewellery
 h - an uncursed amulet of magic regeneration {unknown}
 m - a cursed ring of loudness {unknown}
 p - an uncursed amulet of guardian spirit {unknown}
 s - an uncursed ring of stealth {unknown}
 x - an uncursed ring of ice {unknown}
 z - an uncursed amulet of guardian spirit {unknown}
 A - an uncursed ring of flight {unknown}
Wands
 u - a wand of clouds (6)
 G - a wand of random effects (28)
Scrolls
 e - 4 scrolls of amnesia {unknown}
 f - 3 scrolls of enchant armour {unknown}
 g - 3 scrolls of magic mapping {unknown}
 i - 4 scrolls of remove curse {unknown}
 l - 4 scrolls of identify {unknown}
 q - a scroll of blinking {unknown}
 v - 2 scrolls of immolation {unknown}
 w - a scroll of noise {unknown}
 y - 2 scrolls of enchant weapon {unknown}
 E - a scroll of teleportation {unknown}
 F - a scroll of random uselessness {unknown}
 K - a scroll of silence {unknown}
Potions
 j - a potion of magic {unknown}
 k - a potion of curing {unknown}
 n - 4 potions of might {unknown}
 o - a potion of ambrosia {unknown}
 t - a potion of resistance
 B - 2 potions of agility {unknown}
 D - a potion of mutation {unknown}
 H - a potion of heal wounds {unknown}
 J - a potion of haste {unknown}
Miscellaneous
 I - a crystal ball of energy
Comestibles
 b - 11 rations
 C - 6 chunks of flesh


   Skills:
 + Level 3.6 Fighting
 + Level 4.6 Dodging
 + Level 1.1 Stealth
 * Level 11.6 Unarmed Combat


You had 8 spell levels left.
You didn't know any spells.

Dungeon Overview and Level Annotations

Branches:
Dungeon (7/15)             Temple (0/1) D:5

Altars:
Cheibriados
Dithmenos
Fedhas
Makhleb
Okawaru
Sif Muna
Trog
Uskayaw
Vehumet
Wu Jian
Xom
The Shining One

Annotations:
D:7 1 runed door


Innate Abilities, Weirdness & Mutations

You are too large for most types of armour.
You have claws for hands.
Your metabolism is lightning-fast.
You like to eat raw meat.
Your natural rate of healing is unusually fast.
You are covered in fur. (AC +1)
You have very tough skin. (AC +2)


Message History

Something hits you but does no damage.
You barely miss the jelly. The jelly hits you.
You are splashed with acid!
The acid burns!
* * * LOW HITPOINT WARNING * * *
Something hits you but does no damage.
You claw the jelly!
Your claws burn!
* * * LOW HITPOINT WARNING * * *
The jelly is almost dead.
The crimson imp blinks!
An orc comes into view. It is wielding a dagger.
You mangle the jelly!!
You kill the jelly!
Trog accepts your kill. Something hits you.
* * * LOW HITPOINT WARNING * * *
Something shocks you.
* * * LOW HITPOINT WARNING * * *
You barely miss something. Something hits you but does no damage.
You closely miss something. Something hits you.
You die...

#.. ..#.. #.#..
#.... ###.#.##
#.....o###.#.#
#.#.....#.####
#.#{#####.....
#.)@.......#
##.5.......# ..
#.>.......# #.#
##........# #.#
#........# ##
#.## #........#
##.. #..#
#........# ....#
#..# #........#
# #...#
#..####........#


You could see a crimson imp and an orc.

Vanquished Creatures
  A hornet (D:7)
  The ghost of Paroid the Poker, an amateur MfSk (D:4)
  Menkaure (D:7)
  Duvessa (D:6)
  An orc warrior (D:6)
  A sky beast (D:7)
  A black bear (D:6)
  4 ogres
  A centaur (D:5)
  A crocodile (D:7)
  Blork the orc (D:6)
  5 bullfrogs
  Dowan (D:6)
  3 howler monkeys
  3 crimson imps
  3 hounds
  5 orc wizards
  3 orc priests
  A bullfrog skeleton (D:6)
  4 jellies
  2 worker ants
  A killer bee zombie (D:6)
  A hound zombie (D:5)
  A hound skeleton (D:7)
  Robin (D:2)
  A howler monkey skeleton (D:4)
  7 adders
  A shadow imp (D:7)
  2 oozes
  An adder zombie (D:3)
  An adder skeleton (D:7)
  3 worms
  A dart slug (D:1)
  2 leopard geckos
  16 orcs
  4 giant cockroaches
  19 goblins
  7 hobgoblins
  7 jackals
  6 quokkas
  4 ball pythons
  5 bats
  3 frilled lizards
  8 kobolds
  A quokka zombie (D:6)
  5 rats
152 creatures vanquished.

Notes
Turn   | Place    | Note
-------+----------+-------------------------------------------
     0 | D:1      | PipBoy9000 the Troll Berserker began the quest for the Orb.
     0 | D:1      | Reached XP level 1. HP: 22/22 MP: 0/0
   200 | D:1      | Reached XP level 2. HP: 26/29 MP: 1/1
   754 | D:2      | Reached XP level 3. HP: 36/36 MP: 2/2
   855 | D:2      | Found a radiant altar of Vehumet.
   879 | D:2      | Reached skill level 4 in Unarmed Combat
   926 | D:2      | Reached ** piety under Trog
   977 | D:2      | Found a shadowy altar of Dithmenos.
   988 | D:2      | Noticed Robin
   992 | D:2      | Reached XP level 4. HP: 40/44 MP: 3/3
  1003 | D:2      | Killed Robin
  1391 | D:2      | Found a bloodstained altar of Trog.
  1391 | D:2      | Found a blossoming altar of Fedhas.
  1620 | D:3      | Reached skill level 5 in Unarmed Combat
  1620 | D:3      | Reached XP level 5. HP: 52/52 MP: 4/4
  2422 | D:4      | Reached *** piety under Trog
  2443 | D:4      | Noticed an ogre
  2446 | D:4      | Killed an ogre
  2446 | D:4      | Reached skill level 6 in Unarmed Combat
  2446 | D:4      | Reached XP level 6. HP: 34/59 MP: 3/5
  2522 | D:4      | Noticed Paroid's ghost (amateur MfSk)
  2532 | D:4      | Killed Paroid's ghost
  2532 | D:4      | Reached skill level 7 in Unarmed Combat
  2532 | D:4      | Reached XP level 7. HP: 61/67 MP: 4/6
  3237 | D:4      | Found a glowing golden altar of the Shining One.
  3326 | D:5      | Entered Level 5 of the Dungeon
  3489 | D:5      | Reached skill level 8 in Unarmed Combat
  3710 | D:5      | Found an ornate altar of the Wu Jian Council.
  3739 | D:5      | Found a staircase to the Ecumenical Temple.
  3774 | D:5      | Found a deep blue altar of Sif Muna.
  3793 | D:5      | Found a hide-covered altar of Uskayaw.
  3798 | D:5      | Found a snail-covered altar of Cheibriados.
  3998 | D:6      | Reached XP level 8. HP: 75/75 MP: 7/7
  4010 | D:6      | Reached **** piety under Trog
  4129 | D:6      | Noticed Duvessa
  4130 | D:6      | Noticed Dowan
  4141 | D:6      | Killed Duvessa
  4141 | D:6      | Reached skill level 9 in Unarmed Combat
  4163 | D:6      | Killed Dowan
  4280 | D:6      | Reached skill level 10 in Unarmed Combat
  4448 | D:6      | Found a burning altar of Makhleb.
  4448 | D:6      | Found a shimmering altar of Xom.
  4450 | D:6      | Reached skill level 1 in Stealth
  4575 | D:6      | Found an iron altar of Okawaru.
  4575 | D:6      | Noticed Blork the orc
  4583 | D:6      | Killed Blork the orc
  4653 | D:7      | Noticed a hornet
  4654 | D:7      | Paralysed by a hornet for 1 turns
  4659 | D:7      | Paralysed by a hornet for 1 turns
  4662 | D:7      | Killed a hornet
  4662 | D:7      | Reached XP level 9. HP: 36/83 MP: 4/8
  4720 | D:7      | Found a runed door.
  4794 | D:7      | Noticed Menkaure
  4806 | D:7      | Killed Menkaure
  4849 | D:7      | Reached skill level 11 in Unarmed Combat
  4975 | D:7      | HP: 3/83 [something (4)]
  4977 | D:7      | Slain by a sky beast

Vault maps used:
D:1:      shiori_shiawase
D:2:      gammafunk_temple_overflow_elements, nicolae_dithmenos_shadow_blocks,
          vehumet_crystals, first_ration, uniq_robin
D:3:      st_stairs_10, minmay_splitting_lines
D:4:      kennysheep_mini
D:5:      overflow_temple_1_default, minmay_overflow_temple_star_quad,
          temple_doors_ab, grunt_ministairs_1
D:6:      grunt_temple_overflow_champion_of_chaos, okawaru_gym_becter,
          minmay_checkerbox, uniq_blork_the_orc, uniq_duvessa
D:7:      minmay_the_grid_triangle_9x9_rhombus_thin, uniq_menkaure,
          uniq_crazy_yiuf_cottage

Skill      XL: |  1  2  3  4  5  6  7  8  9 |
---------------+----------------------------+-----
Unarmed Combat | 4 5 6 7 8 10 11 | 11.6
Dodging        | 3 4 |  4.6
Fighting       | 3 |  3.6
Stealth        | 1 |  1.1

Action                   |  1- 3 |  4- 6 |  7- 9 || total
-------------------------+-------+-------+-------++-------
Melee: Unarmed           |   102 |   111 |   199 ||   412
       Punch             |     2 |     2 |     8 ||    12
  Eat: Chunk             |    12 |    15 |    24 ||    51
Armor: Animal skin       |    41 |    50 |    52 ||   143
Dodge: Dodged            |    52 |    76 |    98 ||   226

Table legend:
 A = Spawn XP
 B = Non-spawn XP
 C = Spawn XP percentage of total XP
 D = Spawn monster count
 E = Non-spawn monster count
 F = Spawn count percentage of total count
 G = Total turns spent on level
                    A         B        C        D         E        F      G
               +---------+---------+-------+---------+---------+-------+---------
         Total |       0 |    4026 |   0.0 |       0 |     152 |   0.0 |  4977
               +---------+---------+-------+---------+---------+-------+---------
           D:1 |       0 |      35 |   0.0 |       0 |      18 |   0.0 |   700
           D:2 |       0 |     116 |   0.0 |       0 |      34 |   0.0 |   865
           D:3 |       0 |      90 |   0.0 |       0 |      23 |   0.0 |   847
           D:4 |       0 |     874 |   0.0 |       0 |      26 |   0.0 |   914
           D:5 |       0 |     230 |   0.0 |       0 |       5 |   0.0 |   582
           D:6 |       0 |    1265 |   0.0 |       0 |      26 |   0.0 |   739
           D:7 |       0 |    1416 |   0.0 |       0 |      20 |   0.0 |   330
               +---------+---------+-------+---------+---------+-------+---------
